 Dungeon Crawl Stone Soup version 0.23.2-1-ga50397a6bc (webtiles) character file.

Game seed: 18143186880723773043

840 Peloso the Slasher (level 7, 0/61 HPs)
             Began as a Minotaur Fighter on Apr 15, 2019.
             Was an Initiate of Okawaru.
             Slain by an orc priest
             ... wielding a +0 mace
              (1 damage)
             ... on level 6 of the Dungeon on Apr 16, 2019.
             The game lasted 00:11:13 (3825 turns).

Peloso the Slasher (Minotaur Fighter)               Turns: 3825, Time: 00:11:14

Health: 0/61       AC: 13    Str: 25    XL:     7   Next: 67%
Magic:  6/6        EV:  9    Int:  5    God:    Okawaru [......]
Gold:   294        SH: 12    Dex: 12    Spells: 6/6 levels left

rFire    + . .     SeeInvis .   a - +0 long sword
rCold    . . .     Gourm    .   c - +0 shield
rNeg     . . .     Faith    .   q - +3 scale mail {rF+}
rPois    .         Spirit   .   (helmet restricted)
rElec    .         Reflect  +   u - +0 cloak
rCorr    .         Harm     .   C - +0 pair of gloves
MR       .....                  (no boots)
Stlth    +.........             l - +2 amulet of reflection
HPRegen  0.20/turn              g - ring of stealth
MPRegen  0.10/turn              (no ring)

@: mighty
A: retaliatory headbutt, horns 2
a: Renounce Religion


You were on level 6 of the Dungeon.
You worshipped Okawaru.
Okawaru was noncommittal.
You were hungry.

You visited 2 branches of the dungeon, and saw 7 of its levels.

You collected 294 gold pieces.

Inventory:

Hand Weapons
 a - a +0 long sword (weapon)
Armour
 b - a +0 scale mail
 c - a +0 shield (worn)
 q - a +3 scale mail of fire resistance (worn)
 u - a +0 cloak (worn)
 C - a +0 pair of gloves (worn)
Jewellery
 g - a ring of stealth (left hand)
 l - a +2 amulet of reflection (around neck)
Wands
 y - a wand of paralysis (6)
Scrolls
 i - 3 scrolls of remove curse
 t - 3 scrolls of blinking {unknown}
 w - a scroll of random uselessness {unknown}
 x - a scroll of amnesia {unknown}
 A - a scroll of teleportation {unknown}
 G - a scroll of fog {unknown}
Potions
 d - 2 potions of might
 e - a potion of mutation
 k - 3 potions of curing
 m - a potion of heal wounds
 n - a potion of magic
 o - 2 potions of ambrosia
 p - a potion of invisibility
 r - a potion of haste
 s - 2 potions of berserk rage {unknown}
 v - a potion of flight {unknown}
 z - a potion of lignification {unknown}
 B - 2 potions of degeneration {unknown}
Comestibles
 f - 11 rations


   Skills:
 + Level 5.1 Fighting
 + Level 7.1 Long Blades
 + Level 5.7 Armour
 + Level 2.1 Dodging
 + Level 0.8 Stealth
 + Level 5.7 Shields
 + Level 0.1 Unarmed Combat


You had 6 spell levels left.
You didn't know any spells.
Your spell library contained the following spells:

 Spells                   Type           Power        Failure   Level  Hunger
 Animate Skeleton         Necr           N/A          98%         1    ##.....
 Pain                     Necr           #...         98%         1    ##.....
 Regeneration             Chrm/Necr      #.........   100%        3    ####...
 Vampiric Draining        Necr           #.........   100%        3    ####...
 Animate Dead             Necr           N/A          100%        4    #####..


Dungeon Overview and Level Annotations

Branches:
Dungeon (6/15)             Temple (1/1) D:6

Altars:
Dithmenos
Gozag
Hepliaklqana
Kikubaaqudgha
Makhleb
Nemelex Xobeh
Okawaru
Sif Muna
Trog
Uskayaw
Vehumet
Wu Jian
Zin
The Shining One


Innate Abilities, Weirdness & Mutations

You reflexively headbutt those who attack you in melee.
You have a pair of horns on your head.


Message History

Okawaru accepts your kill.
The orc wizard hits you with a +0 dagger.
* * * LOW HITPOINT WARNING * * *
The black bear barely misses you.
You riposte.
You barely miss the black bear.
The black bear claws you but does no damage.
The black bear claws you.
* * * LOW HITPOINT WARNING * * *
Unknown command.
You closely miss the orc priest. You headbutt the orc priest!
The orc priest is severely wounded.
The orc priest calls down the wrath of Beogh upon you.
Beogh smites you!
* * * LOW HITPOINT WARNING * * *
The orc wizard casts a spell at you. The puff of frost misses you.
The black bear bites you.
* * * LOW HITPOINT WARNING * * *
You block the black bear's attack.
The black bear claws you but does no damage.
The orc priest hits you with a +0 mace.
You die...

,,,,*****,###.#.# *********
,,,,,,,,,,,...#.# *,,,,,,,,
,,,,,,,,,,**..#.# *,,,,,,,⌠
************#.#.# *,,,,,,,,
,,,,,,#######...# *,,,,,,,⌠
,****,#.........#######**,,,,,,,,
,,,,,,.................,+,>,,,,,,
,****,#.......#h#######.*,,,,,,,,
,* *,#.......#o@)......+,,,,,,,,
,* #.#.......##o######.*>,,,,,,,
,* #.#.......##..* *,*,,,,,,,, **
#.#.......###.#* *,*,,,,,,,,
#.#.......# *..* *,******+**
#.#.......# *#.#***+******,**
#####.#######.# *..,,,,,,,,,,,,,
.......<..# #.# *...,,,,,**≈≈≈≈≈
..#......## #.# *,,,,,,,,**≈≈,≈≈


You could see a black bear, an orc priest and an orc wizard.

Vanquished Creatures
  A sky beast (D:5)
  An ogre (D:5)
  A howler monkey (D:4)
  A crimson imp (D:6)
  4 orc priests
  A hound (D:5)
  An orc wizard (D:4)
  2 jellies
  Terence (D:2)
  Natasha (twice) (D:2)
  2 worker ants
  3 gnolls
  11 adders
  2 oozes
  3 worms
  2 leopard geckos (D:1)
  10 orcs
  4 ball pythons
  2 giant cockroaches
  11 goblins
  7 hobgoblins
  A jackal (D:2)
  3 quokkas
  A ball python skeleton (D:4)
  5 bats
  10 frilled lizards
  6 kobolds
  A leopard gecko skeleton (D:6)
  8 rats
107 creatures vanquished.

Notes
Turn   | Place    | Note
-------+----------+-------------------------------------------
     0 | D:1      | Peloso the Minotaur Fighter began the quest for the Orb.
     0 | D:1      | Reached XP level 1. HP: 19/19 MP: 0/0
   115 | D:1      | Reached XP level 2. HP: 25/27 MP: 1/1
   569 | D:2      | Reached XP level 3. HP: 18/33 MP: 2/2
   766 | D:2      | Reached skill level 3 in Long Blades
   849 | D:2      | Reached XP level 4. HP: 30/40 MP: 3/3
  1137 | D:2      | Reached skill level 1 in Dodging
  1162 | D:2      | Noticed Terence
  1186 | D:2      | Killed Terence
  1186 | D:2      | Reached skill level 4 in Long Blades
  1221 | D:2      | Found a hide-covered altar of Uskayaw.
  1257 | D:2      | Noticed Natasha
  1264 | D:2      | Killed Natasha
  1264 | D:2      | Reached XP level 5. HP: 47/47 MP: 4/4
  1369 | D:2      | Noticed Natasha
  1389 | D:2      | Killed Natasha
  1871 | D:3      | Reached skill level 5 in Armour
  2261 | D:3      | Found a radiant altar of Vehumet.
  2321 | D:3      | Reached XP level 6. HP: 52/53 MP: 5/5
  2335 | D:3      | Found a bloodstained altar of Trog.
  2637 | D:4      | You fall through a shaft!
  2637 | D:5      | Entered Level 5 of the Dungeon
  2753 | D:5      | Reached skill level 5 in Long Blades
  2754 | D:5      | Found a deep blue altar of Sif Muna.
  2867 | D:5      | Reached skill level 5 in Shields
  2900 | D:5      | Noticed a sky beast
  2903 | D:5      | Killed a sky beast
  2903 | D:5      | Reached XP level 7. HP: 60/60 MP: 6/6
  3252 | D:4      | Reached skill level 6 in Long Blades
  3256 | D:4      | Reached skill level 5 in Fighting
  3628 | D:6      | Found a staircase to the Ecumenical Temple.
  3655 | Temple   | Entered the Ecumenical Temple
  3730 | Temple   | Became a worshipper of Warmaster Okawaru
  3800 | D:6      | Reached skill level 7 in Long Blades
  3825 | D:6      | HP: 2/61 [orc priest/divine providence (12)]
  3825 | D:6      | Slain by an orc priest

Skill      XL: |  1  2  3  4  5  6  7 |
---------------+----------------------+-----
Fighting       | 4 5 |  5.1
Armour         | 4 5 |  5.7
Long Blades    | 3 4 5 7 |  7.1
Shields        | 4 5 |  5.7
Dodging        | 1 2 |  2.1
Stealth        | |  0.8
Unarmed Combat | |  0.1

Action                   |  1- 3 |  4- 6 |  7- 9 || total
-------------------------+-------+-------+-------++-------
Melee: Long sword        |    58 |   168 |    88 ||   314
       Headbutt          |    10 |    24 |    22 ||    56
       Unarmed           |       |     8 |       ||     8
  Use: Scroll            |       |       |     9 ||     9
       Potion            |       |       |     1 ||     1
  Eat: Chunk             |       |     6 |     3 ||     9
Armor: Scale mail        |    30 |    81 |    56 ||   167
       Skin              |       |     1 |       ||     1
Dodge: Dodged            |    20 |    59 |    36 ||   115
Block: Shield            |    38 |   108 |    77 ||   223
       Rpst.: Long sword |     5 |    14 |    11 ||    30
